 Dungeon Crawl Stone Soup version 0.32-a0-928-g1cae6b7ea0 (webtiles) character file.

Game seed: 1576587353524457906

65 Doorstop00 the Covered (level 4, -3/29 HPs)
             Began as a Gargoyle Fighter on Apr 12, 2024.
             Slain by Sigmund
             ... wielding a +0 scythe
              (10 damage)
             ... on level 2 of the Dungeon.
             The game lasted 00:03:36 (1111 turns).

Doorstop00 the Covered (Gargoyle Fighter)           Turns: 1111, Time: 00:03:37

Health: -3/29      AC: 10    Str: 21    XL:     4   Next: 13%
Magic:  4/4        EV:  8    Int:  9    God:
Gold:   91         SH:  4    Dex:  9    Spells: 3/3 levels left

rFire   . . .        a - +0 flail
rCold   . . .        c - +0 buckler
rNeg    + . .        b - +0 scale mail
rPois   ∞            (no helmet)
rElec   +            (no cloak)
rCorr   .            (no gloves)
SInv    .            (no boots)
Will    .....        (no amulet) Stlth
                     (no ring)
HPRegen 0.24/turn    (no ring)
MPRegen 0.09/turn

%: no passive effects
@: no status effects
A: sickness immunity, AC +3, negative energy resistance 1, electricity
resistance, torment resistance 1, petrification resistance
a: no special abilities


You were on level 2 of the Dungeon.
You visited 1 branch of the dungeon, and saw 3 of its levels.

You collected 91 gold pieces.

Inventory:

Hand Weapons
 a - a +0 flail (weapon)
Armour
 b - a +0 scale mail (worn)
 c - a +0 buckler (worn)
Scrolls
 d - a scroll of noise {unknown}
 f - a scroll of fear {unknown}
 h - a scroll of teleportation {unknown}
 i - a scroll of enchant weapon {unknown}
 j - a scroll of enchant armour {unknown}
Potions
 g - a potion of resistance


   Skills:
 * Level 3.7 Fighting
 * Level 2.8 Maces & Flails
 * Level 3.9 Armour
 * Level 0.5 Dodging
 * Level 3.7 Shields


You had 3 spell levels left.
You didn't know any spells.
Your spell library contained the following spells:

 Spells                   Type           Power      Damage    Failure   Level
 Frozen Ramparts          Ice            0%         1d1       99%         3
 Ozocubu's Armour         Ice            0%         N/A       99%         3
 Metabolic Englaciation   Hex/Ice        0%         N/A       100%        5


Dungeon Overview and Level Annotations

Branches:
Dungeon (3/15)

Altars:

Annotations:
D:2 Sigmund


Innate Abilities, Weirdness & Mutations

You are immune to sickness and miasma.
Your stone body is resilient. (AC +3)
You are immune to poison.
You resist negative energy. (rN+)
You are resistant to electric shocks. (rElec)
You are resistant to unholy torment.
You are immune to petrification.


Message History

The rat squeaks loudly.
Sigmund the Dreaded comes into view.
He is wielding a +0 scythe.
Sigmund shouts!
The rat twitches its whiskers.
You block the rat's attack. The rat attacks as it pursues you!
The rat bites you but does no damage.
You sock the rat!
You kill the rat!
Sigmund points at you and mumbles some strange words.
The magic dart hits you but does no damage.
Sigmund gestures at you while chanting. The puff of flame hits you.
Sigmund attacks as he pursues you!
Sigmund hits you from afar with a +0 scythe.
Sigmund gestures at you while chanting. You resist with some effort.
Sigmund points at you and mumbles some strange words.
The magic dart hits you.
Sigmund points at you and mumbles some strange words.
You resist with some effort.
You closely miss Sigmund. Sigmund hits you with a +0 scythe!
You hit Sigmund.
Sigmund is lightly wounded.
Sigmund barely misses you.
You hit Sigmund but do no damage.
Sigmund is lightly wounded.
You sock Sigmund!
Sigmund is heavily wounded.
Sigmund casts a spell.
Sigmund flickers and vanishes!
Deactivating autopickup; reactivate with Ctrl-A.
Something hits you.
You hit something. You miss something.
You hear some strange, mumbled words.
A magic dart appears from out of thin air!
The magic dart hits you.
* * * LOW HITPOINT WARNING * * *
Something hits you!
You die...

#.# #.#.#
#.# #.#.#
#.# #.#.#
#.# ...#.
#.# ## #.# #
#.# .. .##
#.# .# #.#
.# #@# .#
#{# .# #
#.###.##....
#..†..!.....
#.?##.##....
#).# .# .
..... ..
#.##.##.##
#. #.# .#


There were no monsters in sight!

Vanquished Creatures
  Robin (D:2)
  An adder (D:2)
  2 dart slugs
  3 giant cockroaches
  4 hobgoblins
  7 jackals
  A quokka (D:2)
  A ball python (D:1)
  2 bats
  2 frilled lizards
  10 goblins
  A kobold (D:2)
  2 rats (D:2)
37 creatures vanquished.

Notes
Turn   | Place    | Note
-------+----------+-------------------------------------------
     0 | D:1      | Doorstop00 the Gargoyle Fighter began the quest for the
                  | Orb.
     0 | D:1      | Reached XP level 1. HP: 14/14 MP: 1/1
   445 | D:1      | Reached XP level 2. HP: 17/19 MP: 2/2
   656 | D:2      | Reached XP level 3. HP: 20/23 MP: 3/3
   886 | D:2      | Noticed Robin
   906 | D:2      | Killed Robin
   922 | D:2      | Reached XP level 4. HP: 10/29 MP: 4/4
  1025 | D:2      | Identified the staff of Generosity {Fly rC+ Int+2 Ice Air
                  | Alchemy}
  1090 | D:2      | Noticed Sigmund
  1111 | D:2      | Slain by Sigmund

Illustrated notes

Levels and vault maps discovered:
D:1:      spicycebolla_arrival_ecumenical, layout_loops_ring
D:2:      layout_loops_ring, uniq_sigmund, uniq_robin
D:3:      minmay_goblin_kobold_castle, layout_basic,
          kennysheep_okawaru_gauntlet, serial_shops, nicolae_square_shop,
          minmay_misc_feat_square, uniq_crazy_yiuf_cottage

Action                     |  1- 3 |  4- 6 || total
---------------------------+-------+-------++-------
  Melee: Flail             |    88 |    25 ||   113
    Use: Scroll            |     2 |       ||     2
         Potion            |     1 |       ||     1
 Armour: Scale mail        |    99 |    20 ||   119
  Dodge: Dodged            |    66 |    10 ||    76
  Block: Buckler           |    36 |     3 ||    39

Table legend: (Time is in decaauts)
 A = Elapsed time spent in this place.
 B = Non-inter-level travel time spent in this place.
 C = Inter-level travel time spent in this place.
 D = Time resting spent in this place.
 E = Time spent auto-exploring this place.
 F = Levels seen in this place.
 G = Mean time per level.
                   A        B        C        D        E       F      G
               +--------+--------+--------+--------+--------+-----+--------+
         Total |   1146 |   1146 |      0 |     72 |    800 |   3 |  382.0 |
       Dungeon |   1146 |   1146 |      0 |     72 |    800 |   3 |  382.0 |
               +--------+--------+--------+--------+--------+-----+--------+

Top non-repeatable levels by time:
     D:1: 588 daAuts
     D:2: 483 daAuts
     D:3: 75 daAuts
